 Dungeon Crawl Stone Soup version 0.23.2-1-ga50397a6bc (webtiles) character file.

Game seed: 10637432057603876080

298 Dommiel19 the Cudgeler (level 6, -9/40 HPs)
             Began as a Gargoyle Fighter on May 23, 2019.
             Mangled by an ogre
             ... wielding a +0 giant club
              (10 damage)
             ... on level 4 of the Dungeon.
             The game lasted 00:04:45 (2826 turns).

Dommiel19 the Cudgeler (Gargoyle Fighter)           Turns: 2826, Time: 00:04:45

Health: -9/40      AC:  9    Str: 21 (22) XL:     6   Next: 36%
Magic:  6/6        EV:  9    Int:  5 (8)  God:
Gold:   210        SH:  4    Dex:  6 (9)  Spells: 5/5 levels left

rFire    . . .     SeeInvis +   a - +0 flail
rCold    . . .     Gourm    .   g - +0 buckler
rNeg     + . .     Faith    .   b - +0 scale mail
rPois    ∞         Spirit   .   (no helmet)
rElec    +         Reflect  .   (no cloak)
rCorr    .         Harm     .   o - +0 pair of gloves
MR       .....                  (no boots)
Stlth    ..........             (no amulet)
HPRegen  0.13/turn              i - ring of see invisible
MPRegen  0.10/turn              (no ring)

@: no status effects
A: blurry vision 1, deformed body, negative energy resistance 1, electricity
resistance, unbreathing, petrification resistance, rot immunity, MP-powered
wands, AC +4
a: no special abilities


You were on level 4 of the Dungeon.
You were hungry.

You visited 1 branch of the dungeon, and saw 4 of its levels.

You collected 210 gold pieces.

Inventory:

Hand Weapons
 a - a +0 flail (weapon)
Armour
 b - a +0 scale mail (worn)
 c - a +0 shield
 g - a +0 buckler (worn)
 o - a +0 pair of gloves (worn)
Jewellery
 i - a ring of see invisible (left hand)
Wands
 s - a wand of digging (4)
Scrolls
 e - 2 scrolls of remove curse
 q - 2 scrolls of identify
 t - 2 scrolls of teleportation
Potions
 d - a potion of might
 l - a potion of haste
 m - a potion of curing
 p - a potion of degeneration
Comestibles
 f - 9 rations


   Skills:
 + Level 4.9 Fighting
 * Level 5.1 Maces & Flails
 - Level 3.2 Armour
 - Level 4.1 Shields


You had 5 spell levels left.
You didn't know any spells.
Your spell library was empty.

Dungeon Overview and Level Annotations

Branches:
Dungeon (4/15)
 Temple: D:4-7

Altars:


Innate Abilities, Weirdness & Mutations

You are resistant to torment.
Your stone body is resilient. (AC +4)
You are immune to poison.
You resist negative energy. (rN+)
You are resistant to electric shocks. (rElec)
You can survive without breathing.
You are immune to petrification.
You are immune to rotting.
Scrolls take you a little longer to read.
Armour fits poorly on your strangely shaped body.
You expend magic power (3 MP) to strengthen your wands.


Message History

The ogre barely misses you.
Your scale mail prevents you from hitting the ogre.
The ogre closely misses you.
You hit the ogre.
The ogre is moderately wounded.
The worker ant bites you but does no damage.
The ogre hits you with a +0 giant club!
You hit the ogre.
The ogre is moderately wounded.
The worker ant closely misses you.
The ogre hits you with a +0 giant club!!
Ouch! That really hurt!
* * * LOW HITPOINT WARNING * * *
The worker ant bites you but does no damage.
Really read with blurry vision while enemies are nearby?
You begin reading the scroll.
You continue reading the scroll.
The worker ant bites you.
* * * LOW HITPOINT WARNING * * *
The ogre hits you with a +0 giant club!
You die...

##########
#.........
#.........
#.........
#.........
######.........
#.>............
#.....a@O.#
#....<....#
#.........#
#.........#
#.%.......#
...........#
../.........#
.....#####..+
..... ###


You could see an ogre and a worker ant.

Vanquished Creatures
  An orc priest (D:3)
  An orc wizard (D:3)
  Terence (D:3)
  Natasha (thrice) (D:3)
  Robin (D:3)
  2 adders (D:2)
  2 worms
  4 dart slugs
  6 leopard geckos
  11 orcs (D:3)
  3 giant cockroaches
  17 goblins
  6 hobgoblins
  2 jackals (D:2)
  10 kobolds
  A quokka (D:3)
  5 bats
  5 frilled lizards
  6 rats
87 creatures vanquished.

Notes
Turn   | Place    | Note
-------+----------+-------------------------------------------
     0 | D:1      | Dommiel19 the Gargoyle Fighter began the quest for the Orb.
     0 | D:1      | Reached XP level 1. HP: 14/14 MP: 1/1
   208 | D:1      | Reached XP level 2. HP: 19/19 MP: 2/2
   662 | D:1      | Reached XP level 3. HP: 23/23 MP: 3/3
  1027 | D:2      | Reached skill level 3 in Maces & Flails
  1171 | D:2      | Reached XP level 4. HP: 27/29 MP: 4/4
  1901 | D:3      | Noticed Natasha
  1907 | D:3      | Killed Natasha
  1907 | D:3      | Reached skill level 4 in Maces & Flails
  1907 | D:3      | Reached XP level 5. HP: 25/33 MP: 5/5
  2009 | D:3      | Noticed Terence
  2032 | D:3      | Killed Terence
  2158 | D:3      | Noticed Natasha
  2174 | D:3      | Killed Natasha
  2205 | D:3      | Reached XP level 6. HP: 24/39 MP: 6/6
  2345 | D:3      | Noticed Natasha
  2351 | D:3      | Killed Natasha
  2390 | D:3      | Noticed Robin
  2412 | D:3      | Killed Robin
  2412 | D:3      | Reached skill level 5 in Maces & Flails
  2738 | D:3      | Gained mutation: Scrolls take you a little longer to read.
                  | [potion of mutation]
  2738 | D:3      | Gained mutation: Armour fits poorly on your strangely
                  | shaped body. [potion of mutation]
  2738 | D:3      | Gained mutation: You expend magic power (3 MP) to
                  | strengthen your wands. [potion of mutation]
  2826 | D:4      | HP: 1/40 [worker ant (3)]
  2826 | D:4      | Mangled by an ogre

Skill      XL: |  1  2  3  4  5  6 |
---------------+-------------------+-----
Maces & Flails | 3 4 5 |  5.1
Fighting       | 4 |  4.9
Shields        | 4 |  4.1
Armour         | |  3.2

Action                   |  1- 3 |  4- 6 || total
-------------------------+-------+-------++-------
Melee: Flail             |   156 |   239 ||   395
  Use: Potion            |       |     8 ||     8
       Scroll            |       |     5 ||     5
  Eat: Chunk             |     1 |     5 ||     6
Armor: Scale mail        |    84 |   139 ||   223
Dodge: Dodged            |    68 |    89 ||   157
Block: Shield            |    10 |       ||    10
       Buckler           |    20 |    75 ||    95
